 Dungeon Crawl Stone Soup version 0.29-a0-398-ge13fd1374b (webtiles) character file.

Game seed: 9687618935234365789

53 happo123 the Digger (level 3, -6/19 HPs)
             Began as a Gargoyle Earth Elementalist on May 12, 2022.
             Mangled by an orc
             ... wielding a +0 flail
              (7 damage)
             ... on level 3 of the Dungeon.
             The game lasted 00:05:18 (916 turns).

happo123 the Digger (Gargoyle Earth Elementalist)    Turns: 916, Time: 00:05:18

Health: -6/19      AC:  7    Str: 11    XL:     3   Next: 87%
Magic:  1/7        EV: 11    Int: 17    God:
Gold:   22         SH:  0    Dex: 10    Spells: 6/7 levels left

rFire   x . .      SeeInvis .   k - +2 hand axe (vorpal)
rCold   + . .      Faith    .   (no shield)
rNeg    + . .      Spirit   .   i - +0 leather armour
rPois   ∞          Reflect  .   (no helmet)
rElec   +          Harm     .   (no cloak)
rCorr   .          Rampage  .   j - +0 pair of gloves
Will    .....                   (no boots)
Stlth   +.........              (no amulet)
HPRegen 0.06/turn               d - ring of ice
MPRegen 0.10/turn               (no ring)

@: confused
A: sickness immunity, AC +3, negative energy resistance 1, electricity
resistance, torment resistance 1, petrification resistance
a: no special abilities


You were on level 3 of the Dungeon.
You visited 1 branch of the dungeon, and saw 3 of its levels.

You collected 22 gold pieces.

Inventory:

Hand Weapons
 k - a +2 vorpal hand axe (weapon)
Missiles
 a - 70 stones
Armour
 b - a +0 robe
 i - a +0 leather armour (worn)
 j - a +0 pair of gloves (worn)
Jewellery
 d - a ring of ice (left hand)
Scrolls
 e - 6 scrolls of identify {unknown}
 h - a scroll of blinking {unknown}
Potions
 c - a potion of magic
 f - 3 potions of flight {unknown}
 g - 2 potions of lignification {unknown}


   Skills:
 + Level 0.1 Axes
 + Level 1.7 Dodging
 + Level 2.4 Stealth
 + Level 0.4 Unarmed Combat
 + Level 2.7 Spellcasting
 + Level 0.7 Transmutations
 + Level 4.6 Earth Magic


You had 6 spell levels left.
You knew the following spells:

 Your Spells              Type           Power      Damage    Failure   Level
a - Sandblast             Erth           36%        2d10      3%          1

Your spell library contained the following spells:

 Spells                   Type           Power      Damage    Failure   Level
 Passwall                 Tmut/Erth      9%         N/A       12%         2
 Stone Arrow              Conj/Erth      20%        3d8       26%         3
 Blink                    Tloc           4%         N/A       34%         2
 Lesser Beckoning         Tloc           2%         N/A       56%         3
 Petrify                  Tmut/Erth      11%        N/A       61%         4
 Manifold Assault         Tloc           2%         N/A       100%        5


Dungeon Overview and Level Annotations

Branches:
Dungeon (2/15)

Altars:


Innate Abilities, Weirdness & Mutations

You are immune to sickness and miasma.
Your stone body is resilient. (AC +3)
You are immune to poison.
You resist negative energy. (rN+)
You are resistant to electric shocks. (rElec)
You are resistant to unholy torment.
You are immune to petrification.


Message History

You kill the orc!
The orc shouts!
The quokka bites you.
The quokka bites you but does no damage.
The orc throws a boomerang.
The boomerang hits you but does no damage.
You miss the quokka.
The quokka is severely wounded.
The quokka barely misses you.
You hit the orc but do no damage. You miss the quokka.
The quokka barely misses you. The orc hits you with a +0 flail.
The quokka bites you.
You closely miss the orc. You barely miss the quokka.
The orc closely misses you.
A rat comes into view.
The quokka closely misses you.
You closely miss the orc. You closely miss the quokka.
The quokka bites you but does no damage. x2
Something hits you but does no damage. The orc hits you with a +0 flail.
Aiming: Sandblast (safe; 3% risk of failure)
Press: ? - help, Q - select action, (/) - cycle Shift-Dir - straight line, f - orc
Aim: an orc, wielding a +0 flail (79% to hit)
The blast of sand hits the orc!
You kill the orc!
The quokka bites you but does no damage.
Something hits you.
* * * LOW HITPOINT WARNING * * *
The orc hits you but does no damage.
You hit the orc but do no damage. You closely miss something.
You closely miss the quokka. The quokka bites you.
* * * LOW HITPOINT WARNING * * *
The orc closely misses you.
You hear some strange, mumbled words.
You are confused.
The quokka closely misses you.
You closely miss the quokka.
The quokka is severely wounded.
You hit something. You closely miss the orc.
Something hits you but does no damage. The orc hits you with a +0 flail!
You die...

...... #....#
#....# #
#....#####..
#.........##
#####...........
.......†.r......
.....)..@)r.....
........o.....##
!..........####
...........#
.....#######
..... .... ....


You could see an orc, a quokka and a rat.

Vanquished Creatures
  2 adders (D:3)
  3 orcs (D:3)
  An endoplasm (D:1)
  2 giant cockroaches (D:2)
  A goblin (D:1)
  4 hobgoblins
  4 kobolds
  5 ball pythons
  2 bats (D:1)
  2 frilled lizards
  5 rats (D:1)
31 creatures vanquished.

Notes
Turn   | Place    | Note
-------+----------+-------------------------------------------
     0 | D:1      | happo123 the Gargoyle Earth Elementalist began the quest
                  | for the Orb.
     0 | D:1      | Reached XP level 1. HP: 10/10 MP: 3/3
   130 | D:1      | Found a faded altar of an unknown god.
   134 | D:1      | Reached skill level 4 in Earth Magic
   134 | D:1      | Reached XP level 2. HP: 15/15 MP: 3/5
   801 | D:2      | Reached XP level 3. HP: 18/19 MP: 2/6
   895 | D:2      | You fall into a shaft and drop 1 floor!
   916 | D:3      | Mangled by an orc

Illustrated notes

Levels and vault maps discovered:
D:1:      dpeg_arrival_simpleton_b, layout_loops_ring,
          nicolae_ecumenical_lake_church, serial_bayou_pond_d,
          serial_bayou_pond_c
D:2:      layout_basic, minmay_misc_feat_nine_boxes, uniq_terence
D:3:      layout_basic, gup_sewer_entry_pipe, nrook_mini_vaults, uniq_natasha,
          uniq_sigmund

Skill      XL: |  1 |
---------------+----+-----
Earth Magic    | 4 |  4.6
Axes           | |  0.1
Dodging        | |  1.7
Stealth        | |  2.4
Unarmed Combat | |  0.4
Spellcasting   | |  2.7
Transmutations | |  0.7

Action                   || total
-------------------------++-------
Melee: Unarmed           ||    12
       Hand axe          ||    11
 Cast: Sandblast         ||    32
 Stab: Sleeping          ||     4
Armor: Robe              ||     3
       Leather armour    ||    16
Dodge: Dodged            ||    22

Table legend: (Time is in decaauts)
 A = Elapsed time spent in this place.
 B = Non-inter-level travel time spent in this place.
 C = Inter-level travel time spent in this place.
 D = Time resting spent in this place.
 E = Time spent auto-exploring this place.
 F = Levels seen in this place.
 G = Mean time per level.
                   A        B        C        D        E       F      G
               +--------+--------+--------+--------+--------+-----+--------+
         Total |    924 |    571 |    353 |      0 |    407 |   3 |  308.0 |
       Dungeon |    924 |    571 |    353 |      0 |    407 |   3 |  308.0 |
               +--------+--------+--------+--------+--------+-----+--------+

Top non-repeatable levels by time:
     D:1: 799 daAuts
     D:2: 101 daAuts
     D:3: 23 daAuts
